 Dungeon Crawl Stone Soup version 0.29.1-15-g9cfb28693d (webtiles) character file.

Game seed: 7080153002867716791

232 booth the Nimble (level 6, -10/44 HPs)
             Began as a Gnoll Wanderer on Feb 21, 2023.
             Killed by divine providence
             ... invoked by an orc priest
              (12 damage)
             ... on level 4 of the Dungeon.
             The game lasted 00:23:55 (3366 turns).

booth the Nimble (Gnoll Wanderer)                   Turns: 3366, Time: 00:23:55

Health: -10/44     AC:  8    Str: 12    XL:     6   Next: 4%
Magic:  9/11       EV: 15    Int: 11    God:
Gold:   187        SH:  5    Dex: 13    Spells: 7/11 levels left

rFire   . . .      SeeInvis .   m - +0 hand axe
rCold   . . .      Faith    .   c - +0 buckler
rNeg    + . .      Spirit   .   e - +1 leather armour
rPois   .          Reflect  .   (no helmet)
rElec   .          Harm     .   (no cloak)
rCorr   .          Rampage  .   (no gloves)
Will    .....                   (no boots)
Stlth   ++........              (no amulet)
HPRegen 0.14/turn               j - +4 ring of protection
MPRegen 0.12/turn               p - ring of positive energy

@: mighty, very slightly contaminated
A: fangs 1, strong nose, distributed training
a: no special abilities


You were on level 4 of the Dungeon.
You visited 1 branch of the dungeon, and saw 4 of its levels.

You collected 187 gold pieces.

Inventory:

Hand Weapons
 a - a +0 dagger
 m - a +0 hand axe (weapon)
Missiles
 b - 4 throwing nets (quivered)
 n - 4 curare-tipped darts
 q - 4 poisoned darts
Armour
 c - a +0 buckler (worn)
 e - a +1 leather armour (worn)
Jewellery
 j - a +4 ring of protection (left hand)
 p - a ring of positive energy (right hand)


   Skills:
 + Level 1.8 Fighting
 + Level 1.8 Short Blades
 + Level 1.8 Long Blades
 + Level 1.8 Axes
 + Level 1.8 Maces & Flails
 + Level 1.8 Polearms
 + Level 1.8 Staves
 + Level 1.8 Ranged Weapons
 + Level 1.8 Throwing
 + Level 1.8 Armour
 + Level 10.6 Dodging
 + Level 1.8 Stealth
 + Level 6.8 Shields
 + Level 1.8 Unarmed Combat
 + Level 3.3 Spellcasting
 + Level 1.4 Conjurations
 + Level 1.4 Hexes
 + Level 1.4 Summonings
 + Level 1.4 Necromancy
 + Level 1.4 Translocations
 + Level 1.4 Transmutations
 + Level 2.5 Fire Magic
 + Level 1.4 Ice Magic
 + Level 1.4 Air Magic
 + Level 1.4 Earth Magic
 + Level 1.4 Poison Magic
 + Level 2.0 Invocations
 + Level 1.8 Evocations


You had 7 spell levels left.
You knew the following spells:

 Your Spells              Type           Power      Damage    Failure   Level
a - Foxfire               Conj/Fire      24%        2x1d5     19%         1
b - Inner Flame           Hex/Fire       6%         N/A       47%         3

Your spell library contained the following spells:

 Spells                   Type           Power      Damage    Failure   Level
 Frozen Ramparts          Ice            10%        1d2       56%         3
 Ice Form                 Ice/Tmut       5%         N/A       92%         4
 Summon Ice Beast         Ice/Summ       5%         N/A       92%         4


Dungeon Overview and Level Annotations

Branches:
Dungeon (4/15)
 Temple: D:4-7

Altars:

Annotations:
D:3 2 runed translucent doors, middlethird's ghost, amateur MeFE


Innate Abilities, Weirdness & Mutations

You have very sharp teeth.
Your uncanny sense of smell can sniff out nearby items.
Your experience applies equally to all skills.


Message History

Confirm with . or Enter, or press ? or * to list all spells.
You miscast Foxfire.
You are very lightly contaminated with residual magic.
Nothing appears to happen.
The orc closely misses you. The orc priest misses you.
Casting: Foxfire (safe; 19% risk of failure)
Confirm with . or Enter, or press ? or * to list all spells.
You conjure some foxfire!
The orc barely misses you.
The orc priest invokes the aid of Beogh against you.
You barely resist.
You feel very mighty all of a sudden.
The foxfire hits the orc priest but does no damage.
The orc priest is moderately wounded.
The orc closely misses you.
The orc priest calls down the wrath of Beogh upon you.
You barely resist.
Casting: Foxfire (safe; 19% risk of failure)
Confirm with . or Enter, or press ? or * to list all spells.
You conjure some foxfire!
You block the orc's attack.
The orc hits your foxfire with a +0 hand axe.
The foxfire hits the orc.
The orc is severely wounded.
The orc throws a boomerang.
The boomerang misses you.
The foxfire hits the orc.
The orc is almost dead.
The orc throws a boomerang.
Casting: Foxfire (safe; 19% risk of failure)
Confirm with . or Enter, or press ? or * to list all spells.
You conjure some foxfire!
The orc throws a boomerang.
The boomerang misses you.
The foxfire hits the orc.
You kill the orc!
You flicker for a moment.
The orc priest mumbles some strange prayers to Beogh against something.
You flicker back into view.
The orc priest invokes the aid of Beogh against you.
Pain shoots through your body!
* * * LOW HITPOINT WARNING * * *
The orc priest invokes the aid of Beogh against you.
Beogh smites you!
You die...

.......###................#...##
#.....ยง###.........##.....#.###
..##.....#).......)###...####
..##...#.......###.......#
.....###.##..............##
#....##...#...............#
#...#....#....#.........##
#......#....#........## #
###.....o.....@.#......#
.##.#.#...........###...##
.))....#...............##
.##.............##<....##
##.................#....#
##..##.##..##..#..#....##
##...#...#...<...........#
#.............^..#.)[....#
#................##.######


You could see an orc priest.

Vanquished Creatures
  A scorpion (D:4)
  2 hounds (D:4)
  An orc wizard (D:3)
  3 adders
  A worm (D:4)
  A dart slug (D:3)
  12 orcs
  5 ball pythons
  4 endoplasms (D:3)
  4 goblins
  4 jackals (D:3)
  A quokka (D:3)
  A bat (D:3)
  A frilled lizard (D:1)
  6 kobolds
  A rat (D:3)
48 creatures vanquished.

Vanquished Creatures (others)
  111 foxfires
111 creatures vanquished.

Grand Total: 159 creatures vanquished

Notes
Turn   | Place    | Note
-------+----------+-------------------------------------------
     0 | D:1      | Reached skill level 10 in Dodging
     0 | D:1      | booth the Gnoll Wanderer began the quest for the Orb.
     0 | D:1      | booth set off with the following items: a +0 dagger, 4
                  | throwing nets, a +0 buckler, a potion of invisibility, a +0
                  | leather armour; and the following spell memorised: Foxfire;
                  | and the following spells available to memorise: Inner
                  | Flame.
     0 | D:1      | Reached XP level 1. HP: 13/13 MP: 4/4
   204 | D:1      | Found a faded altar of an unknown god.
   282 | D:1      | You fall into a shaft and drop 1 floor!
   500 | D:1      | Reached XP level 2. HP: 19/19 MP: 2/5
  1313 | D:3      | Reached XP level 3. HP: 22/25 MP: 4/7
  1318 | D:3      | Learned a level 3 spell: Inner Flame
  1642 | D:3      | Found a large runed translucent door.
  1762 | D:3      | Reached skill level 1 in Invocations
  1941 | D:3      | Reached skill level 1 in Fighting
  1941 | D:3      | Reached skill level 1 in Short Blades
  1941 | D:3      | Reached skill level 1 in Long Blades
  1941 | D:3      | Reached skill level 1 in Axes
  1941 | D:3      | Reached skill level 1 in Maces & Flails
  1941 | D:3      | Reached skill level 1 in Polearms
  1941 | D:3      | Reached skill level 1 in Staves
  1941 | D:3      | Reached skill level 1 in Ranged Weapons
  1941 | D:3      | Reached skill level 1 in Throwing
  1941 | D:3      | Reached skill level 1 in Armour
  1941 | D:3      | Reached skill level 1 in Stealth
  1941 | D:3      | Reached skill level 1 in Unarmed Combat
  1941 | D:3      | Reached skill level 1 in Evocations
  2134 | D:3      | Reached skill level 1 in Conjurations
  2134 | D:3      | Reached skill level 1 in Hexes
  2134 | D:3      | Reached skill level 1 in Summonings
  2134 | D:3      | Reached skill level 1 in Necromancy
  2134 | D:3      | Reached skill level 1 in Translocations
  2134 | D:3      | Reached skill level 1 in Transmutations
  2134 | D:3      | Reached skill level 1 in Ice Magic
  2134 | D:3      | Reached skill level 1 in Air Magic
  2134 | D:3      | Reached skill level 1 in Earth Magic
  2134 | D:3      | Reached skill level 1 in Poison Magic
  2134 | D:3      | Reached XP level 4. HP: 12/32 MP: 4/8
  2474 | D:3      | Found a large runed translucent door.
  2476 | D:3      | Noticed middlethird's ghost (amateur MeFE)
  2756 | D:4      | Noticed a scorpion
  2790 | D:4      | Killed a scorpion
  2791 | D:4      | Reached XP level 5. HP: 37/37 MP: 1/9
  3122 | D:4      | Upgraded the game from 0.29.1-14-g9c671dbff4 to
                  | 0.29.1-15-g9cfb28693d
  3203 | D:4      | Reached XP level 6. HP: 37/44 MP: 6/11
  3365 | D:4      | HP: 2/44 [orc priest/nerve-wracking pain (4)]
  3366 | D:4      | Killed from afar by an orc priest

Illustrated notes

Levels and vault maps discovered:
D:1:      dpeg_arrival_central, layout_basic, ebering_ecumenical_altar_petrified
D:2:      layout_basic
D:3:      layout_basic, ebering_ghost_disaster_area,
          amcnicky_mini_rare_corridor_liquid, kennysheep_generic_room_9
D:4:      layout_cave_pools

Skill      XL: |  1  2  3  4  5 |
---------------+----------------+-----
Dodging        | | 10.6
Fire Magic     | 2 |  2.5
Invocations    | 1 2 |  2.0
Fighting       | 1 |  1.8
Short Blades   | 1 |  1.8
Long Blades    | 1 |  1.8
Axes           | 1 |  1.8
Maces & Flails | 1 |  1.8
Polearms       | 1 |  1.8
Staves         | 1 |  1.8
Ranged Weapons | 1 |  1.8
Throwing       | 1 |  1.8
Armour         | 1 |  1.8
Stealth        | 1 |  1.8
Unarmed Combat | 1 |  1.8
Evocations     | 1 |  1.8
Spellcasting   | 3 |  3.3
Conjurations   | 1 |  1.4
Hexes          | 1 |  1.4
Summonings     | 1 |  1.4
Necromancy     | 1 |  1.4
Translocations | 1 |  1.4
Transmutations | 1 |  1.4
Ice Magic      | 1 |  1.4
Air Magic      | 1 |  1.4
Earth Magic    | 1 |  1.4
Poison Magic   | 1 |  1.4
Shields        | |  6.8

Action                   |  1- 3 |  4- 6 || total
-------------------------+-------+-------++-------
Melee: Dagger            |     3 |       ||     3
       Hand axe          |    40 |    74 ||   114
       Bite              |     5 |    10 ||    15
Throw: Dart              |       |     1 ||     1
 Cast: Foxfire           |    29 |    35 ||    64
  Use: Scroll            |       |    12 ||    12
       Potion            |       |     5 ||     5
Armor: Leather armour    |    16 |    22 ||    38
Dodge: Dodged            |    26 |    83 ||   109
Block: Buckler           |    13 |    30 ||    43
